 Dungeon Crawl Stone Soup version 0.18.1-47-g9310371 (webtiles) character file.

140 Scarto the Covered (level 5, 0/41 HPs)
             Began as a Demonspawn Fighter on June 13, 2016.
             Slain by an adder (2 damage)
             ... on level 3 of the Dungeon.
             The game lasted 00:03:31 (1769 turns).

Scarto the Covered (Demonspawn Fighter)             Turns: 1769, Time: 00:03:33

Health: 0/41       AC:  6    Str: 18    XL:     5   Next: 2%
Magic:  5/5        EV:  7    Int:  9    God:
Gold:   144        SH:  9    Dex: 12    Spells: 0 memorised, 4 levels left

rFire  + . .     SeeInvis +     a - +0 war axe
rCold  + . .     Gourm    .     b - +0 scale mail
rNeg   . . .     Faith    .     c - +0 shield
rPois  .         Spirit   .     (no helmet)
rElec  .         Dismiss  .     (no cloak)
rCorr  .         Reflect  .     (no gloves)
SustAt .         Harm     .     (no boots)
MR     .....                    (no amulet)
Stlth  +.........               o - ring of protection from cold
                                n - ring of see invisible

@: lethally poisoned (0 -> -7), not resistant to hostile enchantments, very
unstealthy
A: fire resistance 1, nightstalker 1, flame cloud immunity
a: no special abilities


You were on level 3 of the Dungeon.
You were not hungry.

You visited 1 branch of the dungeon, and saw 3 of its levels.

You collected 144 gold pieces.

Inventory:

Hand Weapons
 a - a +0 war axe (weapon)
Armour
 b - a +0 scale mail (worn)
 c - a +0 shield (worn)
Jewellery
 n - a ring of see invisible (left hand)
 o - a ring of protection from cold (right hand)
Scrolls
 d - a scroll of magic mapping {unknown}
 e - a scroll of identify {unknown}
 g - 2 scrolls of remove curse
 k - a scroll of amnesia
Potions
 i - a potion of brilliance {unknown}
 l - a potion of magic {unknown}
 m - a potion of lignification {unknown}
 q - 2 potions of flight {unknown}
 r - a potion of heal wounds {unknown}
Comestibles
 f - a bread ration
 h - a meat ration
 p - 7 fruits


   Skills:
 + Level 3.5 Fighting
 + Level 2.9 Axes
 + Level 3.6 Armour
 + Level 3.5 Shields


You had 4 spell levels left.
You didn't know any spells.

Dungeon Overview and Level Annotations

Branches:
Dungeon (3/15)

Altars:
Fedhas
Gozag
Ru


Innate Abilities, Weirdness & Mutations

Your flesh is heat resistant.
You are slightly more attuned to the shadows.
You are immune to clouds of flame.


Message History

You closely miss the adder.
The adder is almost dead.
* * * LOW HITPOINT WARNING * * *
You feel sick. You block the adder's attack. x2
You miss the adder.
The adder is almost dead.
* * * LOW HITPOINT WARNING * * *
You feel sick. The adder closely misses you. You block the adder's attack.
You hit the adder but do no damage.
The adder is almost dead.
* * * LOW HITPOINT WARNING * * *
You feel sick. You block the adder's attack.
The adder bites you but does no damage.
You closely miss the adder.
The adder is almost dead.
* * * LOW HITPOINT WARNING * * *
You feel sick. The adder bites you.
* * * LOW HITPOINT WARNING * * *
The adder bites you.
You die...

......#.....(.####
#############.#
..# #.# ..# #.#
#.# #.#### #.#
#....# ..# ####.#
#.. #.# #.# #@#
#S# #.# #.# #.#
#.# ..#


You could see an adder.

Vanquished Creatures
  Natasha (D:2)
  A gnoll (D:1)
  5 adders
  2 worms (D:2)
  A giant gecko (D:3)
  4 orcs (D:3)
  5 bats
  3 giant cockroaches
  3 goblins
  7 hobgoblins
  4 jackals
  A ball python (D:1)
  A giant newt (D:1)
  6 kobolds
  9 rats
53 creatures vanquished.

Notes
Turn   | Place    | Note
--------------------------------------------------------------
     0 | D:1      | Scarto the Demonspawn Fighter began the quest for the Orb.
     0 | D:1      | Reached XP level 1. HP: 18/18 MP: 1/1
     9 | D:1      | Gained mutation: Your flesh is heat resistant. [demonic ancestry]
     9 | D:1      | Reached XP level 2. HP: 12/24 MP: 2/2
    16 | D:1      | HP: 1/24 [rat (3)]
   569 | D:1      | Gained mutation: You are immune to clouds of flame. [demonic ancestry]
   569 | D:1      | Reached XP level 3. HP: 29/29 MP: 3/3
   909 | D:2      | Found a blossoming altar of Fedhas.
  1022 | D:2      | Reached XP level 4. HP: 20/35 MP: 4/4
  1349 | D:2      | Noticed Natasha
  1355 | D:2      | Killed Natasha
  1578 | D:3      | Found an opulent altar of Gozag.
  1692 | D:3      | Found a sacrificial altar of Ru.
  1700 | D:3      | Gained mutation: You are slightly more attuned to the shadows. [demonic ancestry]
  1700 | D:3      | Reached XP level 5. HP: 30/41 MP: 5/5
  1769 | D:3      | HP: 2/41 [adder (1)]
  1769 | D:3      | Slain by an adder

Skill      XL: |  1  2 |
---------------+-------+-----
Axes           | 2 |  2.9
Shields        | 3 |  3.5
Armour         | 3 |  3.6
Fighting       | |  3.5

Action                   |  1- 3 |  4- 6 || total
-------------------------+-------+-------++-------
Melee: War axe           |    93 |    83 ||   176
  Use: Potion            |     1 |       ||     1
       Scroll            |       |     6 ||     6
  Eat: Bread ration      |       |     1 ||     1
Armor: Scale mail        |    51 |    36 ||    87
Dodge: Dodged            |    35 |    30 ||    65
Block: Shield            |    53 |    48 ||   101
